 Dungeon Crawl Stone Soup version 0.27.1 (webtiles) character file.

Game seed: 3748751313859228111

206 AIAndy the Magician (level 6, -3/40 HPs)
             Began as a Djinni Air Elementalist on Aug 29, 2021.
             Was a Believer of Elyvilon.
             Slain by a killer bee (7 damage)
             ... on level 4 of the Dungeon on Aug 30, 2021.
             The game lasted 00:12:53 (3146 turns).

AIAndy the Magician (Djinni Air Elementalist)       Turns: 3146, Time: 00:12:54

Health: -3/40      AC:  7    Str:  8    XL:     6   Next: 10%
Gold:   71         EV: 12    Int: 17    God:    Elyvilon [**....] SH:  0 Dex: 14

rFire    + + .     SeeInvis .   j - +4 dagger
rCold    x . .     Faith    .   (no shield)
rNeg     . . .     Spirit   .   a - +0 robe
rPois    ∞         Reflect  .   (no helmet)
rElec    .         Harm     .   b - +0 cloak
rCorr    +         Rampage  .   (no gloves)
Will     .....                  (boots unavailable)
Stlth    ++........             (no amulet)
HPRegen  0.13/turn              T - +4 ring of protection
MPRegen  0.00/turn              R - ring of resist corrosion

@: flying, very slightly contaminated
A: sickness immunity, fire resistance 2, cold vulnerability 1, float, innate
caster, hp casting, extra vitality 1
a: Renounce Religion, Lesser Healing, Heal Other, Divine Protection


You were on level 4 of the Dungeon.
You worshipped Elyvilon.
Elyvilon was pleased with you.
You visited 1 branch of the dungeon, and saw 4 of its levels.

You collected 71 gold pieces.


Innate Abilities, Weirdness & Mutations

You are immune to sickness and miasma.
You are immune to poison.
Your flesh is very heat resistant. (rF++)
You are vulnerable to cold. (rC-)
You float through the air rather than walking.
You learn spells naturally, not from books.
Your magical power is your life essence.
You have superior vitality. (+4 HP)


   Skills:
 - Level 2.1 Dodging
 - Level 1.5 Stealth
 + Level 4.9 Spellcasting


You had one spell level left.
You knew the following spells:

 Your Spells              Type           Power      Damage    Failure   Level
a - Airstrike             Air            10%        N/A       19%         4
f - Freeze                Ice            80%        1d9       1%          1
i - Swiftness             Air            20%        N/A       6%          3
p - Poisonous Vapours     Pois/Air       40%        N/A       3%          2
t - Static Discharge      Conj/Air       20%        N/A       3%          2
z - Shock                 Conj/Air       80%        1d8       1%          1
Your spell library was empty.

Inventory:

Hand Weapons
 j - a +4 dagger (weapon)
Armour
 a - a +0 robe (worn)
 b - a +0 cloak (worn)
Jewellery
 R - a ring of resist corrosion (right hand)
 T - a +4 ring of protection (left hand)
Scrolls
 c - 2 scrolls of torment {unknown}
 d - 2 scrolls of identify {unknown}
 e - 5 scrolls of teleportation {unknown}
 h - a scroll of summoning {unknown}
 i - a scroll of fear {unknown}
Potions
 f - a potion of resistance {unknown}
 g - a potion of attraction {unknown}

Dungeon Overview and Level Annotations

Branches:
Dungeon (4/15)
 Temple: D:4-7

Altars:
Elyvilon

Shops:
D:1 (

Annotations:
D:3 2 transporters, execc's ghost, amateur OpWn

#.# #.# #.# #.#####
#.....# #####...).#
######### #.........#
......†.####.###.....#
......▒.yyy@.# #.....#
..... ▒#####.# #.....#
░..y #.# #.....# ...
#.# #....... .. #.#
#####.### ░ #.# .# ...
###


You could see 3 killer bees.


Message History

The killer bee closely misses you.
Casting: Static Discharge (safe; 3% risk of failure)
Confirm with . or Enter, or press ? or * to list all spells.
The killer bee is struck by an arc of lightning!
The killer bee is almost dead.
The lightning grounds out.
* * * LOW HITPOINT WARNING * * *
The killer bee stings you.
* * * LOW HITPOINT WARNING * * *
The killer bee stings you.
* * * LOW HITPOINT WARNING * * *
Aiming: Shock (safe; 1% risk of failure)
Press: ? - help, Q - select action, (/) - cycle Shift-Dir - straight line You miscast Shock.
You are very lightly contaminated with residual magic.
Nothing appears to happen.
* * * LOW HITPOINT WARNING * * *
The killer bee stings you but does no damage.
The killer bee stings you.
* * * LOW HITPOINT WARNING * * *
Aiming: Shock (safe; 1% risk of failure)
Press: ? - help, Q - select action, (/) - cycle Shift-Dir - straight line The zap hits the killer bee.
The killer bee is almost dead.
The zap hits the killer bee.
The killer bee is almost dead.
The zap misses the killer bee.
* * * LOW HITPOINT WARNING * * *
The killer bee closely misses you. The killer bee stings you!
You die...

Skill      XL: |  1  2  3  4 |
---------------+-------------+-----
Spellcasting   | 3 4 |  4.9
Dodging        | |  2.1
Stealth        | |  1.5

Action                   |  1- 3 |  4- 6 || total
-------------------------+-------+-------++-------
Melee: Short sword       |     1 |       ||     1
 Cast: Shock             |    80 |    52 ||   132
       Freeze            |       |     6 ||     6
       Poisonous Vapours |       |     1 ||     1
       Static Discharge  |       |     2 ||     2
Armor: Robe              |     6 |     5 ||    11
Dodge: Dodged            |    13 |    15 ||    28

Levels and vault maps discovered:
D:1:      ldierk_water_garden, layout_basic, serial_shops, shop_fountains,
          chequers_ecumenical_altar_lobes
D:2:      layout_basic, minmay_misc_feat_chi
D:3:      layout_basic, gammafunk_ghost_mausoleum
D:4:      layout_basic, temple_hall, minmay_distorted

Notes
Turn   | Place    | Note
-------+----------+-------------------------------------------
     0 | D:1      | AIAndy the Djinni Air Elementalist began the quest for the
                  | Orb.
     0 | D:1      | Reached XP level 1. HP: 15/15 MP: 0/0
   280 | D:1      | Reached XP level 2. HP: 18/21 MP: 0/0
   541 | D:1      | Found Wodygez's Weapon Emporium.
   544 | D:1      | Reached skill level 3 in Spellcasting
   807 | D:1      | Reached XP level 3. HP: 22/25 MP: 0/0
   807 | D:1      | Learned a level 1 spell: Freeze
  1166 | D:1      | Found a faded altar of an unknown god.
  1171 | D:1      | Became a worshipper of Elyvilon the Healer
  1171 | D:1      | Reached * piety under Elyvilon
  1778 | D:2      | Reached XP level 4. HP: 27/31 MP: 0/0
  2140 | D:2      | Reached ** piety under Elyvilon
  2327 | D:3      | Reached skill level 4 in Spellcasting
  2541 | D:3      | Reached XP level 5. HP: 29/35 MP: 0/0
  2541 | D:3      | Learned a level 2 spell: Poisonous Vapours
  2895 | D:3      | Found a transporter.
  2896 | D:3      | Noticed execc's ghost (amateur OpWn)
  2913 | D:3      | Found a transporter.
  3142 | D:4      | Reached XP level 6. HP: 20/40 MP: 0/0
  3146 | D:4      | Slain by a killer bee

Vanquished Creatures
  2 killer bees (D:4)
  4 adders
  A worm (D:2)
  3 dart slugs
  4 orcs (D:3)
  6 endoplasms
  5 giant cockroaches
  4 goblins
  6 hobgoblins
  4 jackals (D:3)
  3 kobolds
  4 quokkas
  4 ball pythons
  5 bats
  3 frilled lizards (D:2)
  6 rats
64 creatures vanquished.

Vanquished Creatures (others)
  2 plants (D:1)
  4 toadstools (D:1)
6 creatures vanquished.

Grand Total: 70 creatures vanquished

Table legend: (Time is in decaauts)
 A = Elapsed time spent in this place.
 B = Non-inter-level travel time spent in this place.
 C = Inter-level travel time spent in this place.
 D = Time resting spent in this place.
 E = Time spent auto-exploring this place.
 F = Levels seen in this place.
 G = Mean time per level.
                   A        B        C        D        E       F      G
               +--------+--------+--------+--------+--------+-----+--------+
         Total |   3143 |   3126 |     17 |      0 |   2799 |   4 |  785.8 |
       Dungeon |   3143 |   3126 |     17 |      0 |   2799 |   4 |  785.8 |
               +--------+--------+--------+--------+--------+-----+--------+

Top non-repeatable levels by time:
     D:1: 1216 daAuts
     D:2: 1010 daAuts
     D:3: 847 daAuts
     D:4: 69 daAuts

Table legend:
 A = Non-vault XP
 B = Vault XP
 C = Vault XP percentage of total XP
 D = Non-vault monster count
 E = Vault monster count
 F = Vault count percentage of total count
                 A         B        C        D         E       F
            +---------+---------+-------+---------+---------+-------
      Total |     295 |       0 |   0.0 |      64 |       0 |   0.0
            +---------+---------+-------+---------+---------+-------
        D:1 |      39 |       0 |   0.0 |      21 |       0 |   0.0
        D:2 |      57 |       0 |   0.0 |      19 |       0 |   0.0
        D:3 |      68 |       0 |   0.0 |      21 |       0 |   0.0
        D:4 |     131 |       0 |   0.0 |       3 |       0 |   0.0
            +---------+---------+-------+---------+---------+-------
